 Dungeon Crawl Stone Soup version 0.31.0-32-g396128a36d (webtiles) character file.

Game seed: 2954372863493291513

161612 MollyMolluskus the Wrestler (level 17, 0/134 HPs)
             Began as an Octopode Fighter on Mar 26, 2024.
             Was a Priest of Wu Jian.
             Slain by the 27-headed Lernaean hydra (8 damage)
             ... on level 4 of the Swamp on Mar 28, 2024.
             The game lasted 02:14:28 (26079 turns).

MollyMolluskus the Wrestler (Octopode Fighter)     Turns: 26079, Time: 02:14:28

Health: 0/134      AC:  7    Str: 22    XL:     17   Next: 79%
Magic:  0/26       EV: 29    Int: 12    God:    Wu Jian [***...]
Gold:   1105       SH: 14    Dex: 17    Spells: 16/16 levels left

rFire   + .          .
                       - Unarmed
rCold   + . .        d - +5 kite shield
rNeg    . . .        w - +2 hat
rPois   +            O - amulet of guardian spirit
rElec   .            h - +4 ring of protection
rCorr   .            y - ring of protection from fire
SInv    .            A - ring of protection from cold
Will    +....        k - ring of flight
Stlth   ++           M - ring of poison resistance
HPRegen 0.42/turn    K - +5 ring of evasion
MPRegen 0.20/turn    a - ring of magical power
                     Q - +6 ring of dexterity

%: guardian spirit
@: maw-form, in a heavenly storm, flying, glowing, studying 2 skills
A: devouring maw, almost no armour, amphibious, 8 rings, camouflage 1,
gelatinous body 1, nimble swimmer 1, tentacles
a: Begin Untransformation, Renounce Religion, Wall Jump, Serpent's Lash


You were on level 4 of the Swamp.
You worshipped Wu Jian.
Wu Jian was most pleased with you.
You were a creature with a mouth for a stomach.
You visited 5 branches of the dungeon, and saw 27 of its levels.
You also visited: Bailey and Ice Cave.

You collected 2741 gold pieces.
You spent 1636 gold pieces at shops.

Inventory:

Hand Weapons
 S - the +8 dagger of Ziec {flame, rPois rF+ rC+++ Str-4}
   (You found it on level 10 of the Dungeon)

   Str-4:     It affects your strength (-4).
   rF+:       It protects you from fire.
   rC+++:     It renders you almost immune to cold.
   rPois:     It protects you from poison
Missiles
 b - 58 poisoned darts
 j - 9 boomerangs (quivered)
 l - 2 javelins
 s - 3 throwing nets
 P - 8 curare-tipped darts
Armour
 d - a +5 kite shield (worn)
 w - a +2 hat (worn)
Jewellery
 a - a ring of magical power (on tentacle)
 h - a +4 ring of protection (left tentacle)
 k - a ring of flight (on tentacle)
 y - a ring of protection from fire (right tentacle)
 A - a ring of protection from cold (on tentacle)
 K - a +5 ring of evasion (on tentacle)
 M - a ring of poison resistance (on tentacle)
 O - an amulet of guardian spirit (around mantle)
 Q - a +6 ring of dexterity (on tentacle)
Talismans
 e - a serpent talisman
 g - a maw talisman (active)
Wands
 m - a wand of flame (37)
 t - a wand of iceblast (26)
 D - a wand of mindburst (42)
 L - a wand of acid (15)
 N - a wand of charming (16)
 V - a wand of digging (11)
Scrolls
 n - 2 scrolls of butterflies
 o - 2 scrolls of poison
 q - 7 scrolls of fog
 r - 10 scrolls of identify
 x - 5 scrolls of blinking
 G - 3 scrolls of fear
 H - 3 scrolls of teleportation
 T - a scroll of noise
Potions
 c - a potion of resistance
 f - 2 potions of attraction
 i - 2 potions of mutation
 p - 3 potions of heal wounds
 v - 8 potions of curing
 z - 3 potions of haste
 B - 4 potions of enlightenment
 E - a potion of cancellation
 J - 4 potions of invisibility
Miscellaneous
 C - a phial of floods
 R - a lightning rod (4/4)


   Skills:
 + Level 17.9 Fighting
 - Level 8.0 Dodging
 - Level 4.0 Stealth
 - Level 4.0 Shields
 * Level 21.7 Unarmed Combat
 + Level 15.1 Shapeshifting


You had 16 spell levels left.
You didn't know any spells.
Your spell library contained the following spells:

 Spells                   Type           Power      Damage    Failure   Level
 Foxfire                  Conj/Fire      0%         2x1d4     58%         1
 Sandblast                Erth           0%         2d4       58%         1
 Slow                     Hex            0%         N/A       58%         1
 Sting                    Conj/Alch      0%         1d3       58%         1
 Summon Small Mammal      Summ           0%         N/A       58%         1
 Mercury Vapours          Alch/Air       0%         N/A       73%         2
 Scorch                   Fire           0%         2d5       73%         2
 Call Canine Familiar     Summ           0%         N/A       91%         3
 Confusing Touch          Hex            0%         N/A       91%         3
 Dazzling Flash           Conj/Hex       0%         N/A       91%         3
 Frozen Ramparts          Ice            0%         1d1       91%         3
 Passwall                 Erth           0%         N/A       91%         3
 Sigil of Binding         Hex            0%         N/A       91%         3
 Stone Arrow              Conj/Erth      0%         3d7       91%         3
 Vampiric Draining        Necr           0%         2d6       91%         3
 Volatile Blastmotes      Fire/Tloc      0%         2d10      91%         3
 Animate Dead             Necr           0%         N/A       100%        4
 Brom's Barrelling Bould  Conj/Erth      0%         2d3       100%        4
 Flame Wave               Conj/Fire      0%         2d4       100%        4
 Fulminant Prism          Conj/Alch      0%         3d5       100%        4
 Iskenderun's Mystic Bla  Conj/Tloc      0%         2d3       100%        4
 Leda's Liquefaction      Alch/Erth      0%         N/A       100%        4
 Olgreb's Toxic Radiance  Alch           0%         N/A       100%        4
 Petrify                  Alch/Erth      0%         N/A       100%        4
 Summon Blazeheart Golem  Fire/Summ      0%         N/A       100%        4
 Vhi's Electric Charge    Tloc/Air       0%         N/A       100%        4
 Arcjolt                  Conj/Air       0%         1d10      100%        5
 Metabolic Englaciation   Hex/Ice        0%         N/A       100%        5
 Plasma Beam              Fire/Air       0%         2x1d10    100%        6
 Sculpt Simulacrum        Ice/Alch       0%         N/A       100%        6
 Starburst                Conj/Fire      0%         6d3       100%        6
 Summon Cactus Giant      Summ           0%         N/A       100%        6
 Haunt                    Necr/Summ      0%         N/A       100%        7
 Ozocubu's Refrigeration  Ice            0%         4d7       100%        7
 Infestation              Necr           0%         N/A       100%        8
 Maxwell's Capacitive Co  Air            0%         ∞         100%        8
 Polar Vortex             Ice            0%         N/A       100%        9


Dungeon Overview and Level Annotations

Branches:
Dungeon (15/15)            Temple (1/1) D:6            Lair (5/5) D:9
  Swamp (4/4) Lair:2       Spider (0/4) Lair:3        Slime (0/5) Lair:4
    Orc (2/2) D:11            Elf (0/3) Orc:2        Vaults (0/5) D:13
 Depths (0/4) D:15         Bailey (visited)           IceCv (visited)

Altars:
Ashenzari
Cheibriados
Dithmenos
Elyvilon
Fedhas
Gozag
Hepliaklqana
Kikubaaqudgha
Makhleb
Nemelex Xobeh
Okawaru
Qazlal
Ru
Sif Muna
Trog
Uskayaw
Vehumet
Wu Jian
Xom
Yredelemnul
Zin
The Shining One
Jiyva

Shops:
D:6 (   D:7 ?   D:10 (   D:11 ?   D:12 (   Orc:2 ?(?!

Portals:
Hell: Lair:5

Annotations:
D:9 3 runed translucent doors
D:11 3 runed translucent doors, cdecastro's ghost, journeyman HuCA
D:15 2 runed translucent doors, Saturup's ghost, journeyman BaHu
Swamp:4 Lernaean hydra


Innate Abilities, Weirdness & Mutations

You are a creature with a mouth for a stomach.
Your midsection houses a second, enormous mouth.
You cannot wear most types of armour.
You are amphibious.
You can wear up to eight rings at the same time.
Your skin changes colour to match your surroundings (Stealth+).
Your rubbery body absorbs attacks. (AC +1, EV +1)
You are camouflaged when in or above water. (Stealth+)
You have tentacles for arms and can constrict up to eight enemies at once.


Message History

The 27-headed Lernaean hydra barely misses you.
The 27-headed Lernaean hydra bites you.
The 27-headed Lernaean hydra completely misses you.
The 27-headed Lernaean hydra closely misses you.
The 27-headed Lernaean hydra bites you! The 27-headed Lernaean hydra bites you.
Angry insects surge out from beneath the shambling mangrove's foliage!
The shambling mangrove misses you. The swamp dragon bites you!
The swamp dragon completely misses you. The swamp dragon misses you.
The 27-headed Lernaean hydra barely misses you.
The 27-headed Lernaean hydra closely misses you.
The 27-headed Lernaean hydra bites you but does no damage.
The 27-headed Lernaean hydra bites you.
The 27-headed Lernaean hydra barely misses you.
The 27-headed Lernaean hydra completely misses you.
The 27-headed Lernaean hydra barely misses you.
The 27-headed Lernaean hydra closely misses you.
The 27-headed Lernaean hydra bites you.
The 27-headed Lernaean hydra closely misses you.
The 27-headed Lernaean hydra bites you!
The 27-headed Lernaean hydra completely misses you.
The 27-headed Lernaean hydra bites you but does no damage.
The 27-headed Lernaean hydra bites you!
The 27-headed Lernaean hydra bites you but does no damage.
The 27-headed Lernaean hydra bites you.
* * * LOW HITPOINT WARNING * * *
The 27-headed Lernaean hydra bites you.
* * * LOW HITPOINT WARNING * * *
The 27-headed Lernaean hydra bites you but does no damage.
The 27-headed Lernaean hydra bites you!
* * * LOW HITPOINT WARNING * * *
The 27-headed Lernaean hydra barely misses you.
The 27-headed Lernaean hydra bites you.
* * * LOW HITPOINT WARNING * * *
The 27-headed Lernaean hydra misses you.
The 27-headed Lernaean hydra bites you.
* * * LOW HITPOINT WARNING * * *
The 27-headed Lernaean hydra bites you!
* * * LOW HITPOINT WARNING * * *
The 27-headed Lernaean hydra bites you!
You die...

. ♣♣♣~~..≈.♣♣♣..≈♣♣♣...#≈≈~#~≈♣
.♣♣♣..~~#~~♣♣♣♣....♣♣≈#≈~♣≈≈≈≈~♣
♣♣~....~~~~♣♣♣....#.♣♣≈≈≈♣≈≈≈≈~♣
♣~..~...~~≈♣♣.#..~#≈.♣≈♣♣♣♣~~≈≈♣
~~~~~~..§♣♣♣♣≈#..###≈♣♣♣ ♣≈#≈♣♣
~~~~~~..≈♣ ♣.###.##### ##♣♣♣♣
~~.~..~.♣♣ ♣≈##§§y# #####≈##
~.♣~..~~~♣ ♣♣##f§§###≈°#☼~≈#
♣♣♣♣.§~§.♣ #kDW#~##○○°#~#
♣♣♣~~~~§.♣ #§#D§#~≈○#○#○## ~≈
~..~~~~~~♣ #≈#§F§§.#≈≈.#☼☼#≈≈.≈
..~~~~..♣♣ #≈≈~.#.~~##≈≈kD○#≈≈
♣~~§~~.♣♣♣♣ ##≈#.^....~..°§≈≈~~#
.~~~~.♣♣♣.♣ ##~.##≈#≈~≈D○#☼≈.~#
~~~..~♣♣♣.♣♣ #~~..≈~.≈#D≈~°k#≈##
♣..~♣♣♣§~~~♣ #≈..~##~D~≈≈.DD≈≈#
♣~..~♣♣§~~.♣ ≈#..≈#≈~~≈#≈.~.#≈#


You could see the 27-headed Lernaean hydra (corroded), a shambling mangrove, a
swamp dragon, a goliath frog (confused), a hornet and a swamp drake (catching
breath).

Vanquished Creatures
  Bai Suzhen (Swamp:4)
  Jorgrun (D:13)
  A tentacled monstrosity (Swamp:2)
  A lich (IceCv)
  Gastronok (D:9)
  Agnes (D:15)
  Aizul (Swamp:1)
  3 fenstrider witches
  A frost giant (D:13)
  An orc warlord (Orc:1)
  2 very ugly things
  5 eleionomae
  The ghost of spaghetti the Fighter, a journeyman NaBe of Trog (D:13)
  5 bunyips
  2 ettins
  A shambling mangrove (Swamp:4)
  15 hydras
  A rakshasa (D:10)
  Erolcha (D:13)
  4 centaur warriors
  A caustic shrike simulacrum (IceCv)
  2 ghost crabs
  6 two-headed ogres
  3 death yaks (Lair:4)
  6 alligators
  6 boulder beetles
  3 orc high priests (Orc:2)
  Sonja (D:13)
  A skyshark (Lair:5)
  A sixfirhy (Lair:5)
  A glowing orange brain (D:15)
  A death drake (Swamp:1)
  2 spriggan druids
  5 goliath frogs
  An arcanist (Lair:5)
  A phantasmal warrior (D:13)
  Pikel (D:9)
  7 bog bodies
  An obsidian statue (IceCv)
  A fenstrider witch simulacrum (Swamp:4)
  2 necromancers
  6 orc knights
  2 lindwurms
  7 swamp dragons
  3 spriggan simulacra (IceCv)
  4 deep elf pyromancers
  9 orc sorcerers
  An oklob plant (Lair:5)
  8 will-o-the-wisps
  24 ugly things
  4 manticores
  9 elephants
  5 cyclopes
  8 black mambas
  A black mamba (shapeshifter) (D:15)
  2 kobold blastminers (Orc:2)
  Joseph (D:10)
  A molten gargoyle (D:14)
  An eye of devastation (shapeshifter) (D:15)
  16 cane toads
  2 ice statues (Swamp:3)
  2 orange demons (Lair:5)
  An efreet (D:9)
  2 gargoyles
  An unseen horror (D:13)
  The ghost of MollyMolluskus the Insei, a novice OpFi (D:5)
  20 freezing wraiths
  6 komodo dragons
  8 rime drakes
  4 yaktaurs (D:15)
  3 ice devils
  A golden dragon simulacrum (IceCv)
  3 anaconda simulacra (IceCv)
  A death drake zombie (Swamp:4)
  2 polar bears
  6 trolls
  2 red devils (Lair:5)
  10 hornets
  A wind drake (shapeshifter) (D:9)
  A bloated husk (Swamp:2)
  4 tyrant leeches
  10 blink frogs
  A hellwing (Lair:5)
  4 alligator simulacra (IceCv)
  A raiju (shapeshifter) (D:14)
  7 dream sheep (Lair:5)
  5 shadows
  2 dire elephant simulacra (IceCv)
  A culicivora (Lair:3)
  A fire elemental (D:14)
  15 slime creatures
  10 spriggans
  A wraith (D:10)
  5 wyverns
  A spriggan skeleton (Swamp:4)
  Eustachio (D:6)
  31 yaks
  Grum (D:9)
  16 vampire mosquitoes
  A minotaur simulacrum (IceCv)
  5 basilisks
  4 steam dragons
  A redback (Lair:3)
  3 wargs
  16 swamp worms
  17 water moccasins
  3 harpy simulacra (IceCv)
  Duvessa (D:6)
  3 hell hounds (Lair:5)
  2 hydra simulacra (IceCv)
  3 sky beasts (D:8)
  11 swamp drakes
  An ice beast (shapeshifter) (D:14)
  An ice beast (D:3)
  2 black bears (D:7)
  9 orc warriors
  10 wolves
  6 centaurs
  13 ogres
  3 phantoms
  2 lemures (D:9)
  4 kobold brigands
  Blork the orc (D:6)
  16 bullfrogs
  2 gnoll sergeants (D:10)
  3 scorpions
  A deep troll simulacrum (IceCv)
  14 wights
  A troll zombie (D:11)
  Dowan (D:6)
  13 killer bees
  4 lindwurm simulacra (IceCv)
  4 howler monkeys
  4 electric eels
  2 bombardier beetles (D:4)
  2 gnoll boudas
  4 hounds
  A jelly (D:8)
  13 orc priests
  2 sleepcaps (D:6)
  5 iguanas
  19 orc wizards
  7 ogre zombies (D:11)
  14 gnolls
  10 adders
  A white imp (D:5)
  An ufetubus (D:5)
  4 ribbon worms
  5 dart slugs
  41 orcs
  3 bats
  3 endoplasms
  3 gnoll zombies (D:11)
  10 goblins
  9 hobgoblins
  A jackal (D:5)
  27 kobolds
  2 quokkas (D:4)
  4 ball pythons
  3 frilled lizards
  5 gnoll skeletons (D:11)
  3 orc skeletons (D:11)
  14 orc zombies (D:11)
  3 rats (D:1)
814 creatures vanquished.

Vanquished Creatures (others)
  19 foxfires (Swamp:1)
19 creatures vanquished.

Grand Total: 833 creatures vanquished

Notes
Turn   | Place    | Note
-------+----------+-------------------------------------------
     0 | D:1      | MollyMolluskus the Octopode Fighter began the quest for the
                  | Orb.
     0 | D:1      | Reached XP level 1. HP: 16/16 MP: 1/1
   161 | D:1      | Reached XP level 2. HP: 21/21 MP: 2/2
   310 | D:1      | Reached skill level 1 in Stealth
   316 | D:1      | Reached XP level 3. HP: 11/26 MP: 3/3
  1553 | D:2      | Found a faded altar of an unknown god.
  1727 | D:2      | Reached XP level 4. HP: 31/31 MP: 4/4
  1775 | D:2      | Identified a scroll of acquirement
  1775 | D:2      | Acquired a manual of Unarmed Combat
  1965 | D:3      | Reached skill level 3 in Unarmed Combat
  2117 | D:3      | Noticed an ice beast
  2124 | D:3      | Killed an ice beast
  2125 | D:3      | Reached skill level 4 in Unarmed Combat
  2125 | D:3      | Reached XP level 5. HP: 21/36 MP: 5/5
  2152 | D:3      | Reached XP level 6. HP: 28/43 MP: 6/6
  2155 | D:3      | Identified the +1 dagger of Mourning {freeze, Dex+3}
  2302 | D:3      | Found a glowing golden altar of the Shining One.
  2569 | D:4      | Reached skill level 5 in Unarmed Combat
  3224 | D:5      | Entered Level 5 of the Dungeon
  3299 | D:5      | Reached XP level 7. HP: 45/48 MP: 7/7
  3387 | D:5      | Reached skill level 6 in Unarmed Combat
  3724 | D:5      | Found a transporter.
  3727 | D:5      | Noticed MollyMolluskus's ghost (novice OpFi)
  3768 | D:5      | Found a transporter.
  3977 | D:6      | Reached skill level 7 in Unarmed Combat
  4001 | D:6      | Reached XP level 8. HP: 44/54 MP: 8/8
  4003 | D:6      | Reached skill level 5 in Fighting
  4003 | D:6      | Reached skill level 5 in Dodging
  4003 | D:6      | Reached skill level 8 in Unarmed Combat
  4076 | D:6      | Found Ocorch's Antique Weapon Shop.
  4086 | D:6      | Noticed Blork the orc
  4087 | D:6      | Found an ancient bone altar of Kikubaaqudgha.
  4092 | D:6      | Killed Blork the orc
  4155 | D:6      | You fall into a shaft and drop 2 floors!
  4182 | D:8      | Reached skill level 9 in Unarmed Combat
  4269 | D:7      | Noticed a wyvern
  4346 | D:7      | Reached skill level 10 in Unarmed Combat
  4561 | D:7      | Found Nogup's Magic Scroll Boutique.
  4569 | D:7      | Bought a scroll of fear for 60 gold pieces
  4569 | D:7      | Bought a scroll of blinking for 112 gold pieces
  4569 | D:7      | Bought a scroll of identify for 30 gold pieces
  4753 | D:7      | Reached XP level 9. HP: 62/62 MP: 9/9
  4898 | D:6      | Noticed Duvessa
  4910 | D:6      | Killed Duvessa
  4918 | D:6      | Noticed Dowan
  4950 | D:6      | Killed Dowan
  4987 | D:6      | Found a staircase to the Ecumenical Temple.
  5002 | Temple   | Entered the Ecumenical Temple
  5009 | Temple   | Became a worshipper of the Wu Jian Council
  5083 | D:6      | Reached skill level 11 in Unarmed Combat
  5188 | D:6      | Noticed Eustachio
  5196 | D:6      | Killed Eustachio
  5459 | D:5      | Killed MollyMolluskus's ghost
  5460 | D:5      | Reached skill level 12 in Unarmed Combat
  5775 | D:7      | Reached skill level 1 in Shapeshifting
  5949 | D:7      | Reached XP level 10. HP: 70/71 MP: 10/10
  6006 | D:7      | Reached skill level 13 in Unarmed Combat
  6142 | D:8      | Noticed a two-headed ogre
  6164 | D:8      | Reached * piety under Wu Jian
  6169 | D:8      | Killed a two-headed ogre
  7008 | D:8      | Reached ** piety under Wu Jian
  7280 | D:8      | Found a hazy altar of Hepliaklqana.
  7381 | D:9      | Found a hide-covered altar of Uskayaw.
  7383 | D:9      | Found a bloodstained altar of Trog.
  7389 | D:9      | Found a glowing silver altar of Zin.
  7389 | D:9      | Noticed Pikel
  7391 | D:9      | Found a sacrificial altar of Ru.
  7403 | D:9      | Killed Pikel
  7443 | D:9      | Found a burning altar of Makhleb.
  7443 | D:9      | Found a snail-covered altar of Cheibriados.
  7449 | D:9      | Noticed Gastronok
  7462 | D:9      | Killed Gastronok
  7463 | D:9      | Reached skill level 14 in Unarmed Combat
  7463 | D:9      | Reached XP level 11. HP: 71/78 MP: 11/11
  7476 | D:9      | Found a runed translucent door.
  7478 | D:9      | Noticed Grum
  7485 | D:9      | Killed Grum
  7504 | D:9      | Found a flagged portal.
  7513 | Bailey   | Entered a bailey
  7923 | Bailey   | Noticed a two-headed ogre
  7970 | Bailey   | Killed a two-headed ogre
  8042 | D:9      | Found a staircase to the Lair.
  8178 | D:9      | Noticed a cyclops
  8182 | D:9      | Reached skill level 5 in Shapeshifting
  8195 | D:9      | Killed a cyclops
  8376 | D:9      | Noticed a cyclops
  8381 | D:9      | Reached skill level 15 in Unarmed Combat
  8386 | D:9      | Noticed a white ugly thing
  8388 | D:9      | Killed a cyclops
  8393 | D:9      | Noticed a centaur warrior
  8394 | D:9      | Killed a white ugly thing
  8401 | D:9      | Killed a centaur warrior
  8406 | D:9      | Noticed a white ugly thing
  8412 | D:9      | Killed a white ugly thing
  8479 | D:9      | Reached *** piety under Wu Jian
  8621 | D:9      | Identified the +5 long sword "Tehidgh Tyirgh" {vamp, rC-
                  | Int+5 Dex+6}
  8775 | D:9      | Found a runed translucent door.
  8776 | D:9      | Found a runed translucent door.
  8776 | D:9      | Noticed a boulder beetle
  8776 | D:9      | Noticed a green ugly thing
  8776 | D:9      | Noticed a two-headed ogre
  8776 | D:9      | Noticed a cyclops
  8899 | D:9      | Noticed a cyclops
  8905 | D:9      | Killed a cyclops
  8956 | D:10     | Entered Level 10 of the Dungeon
  9060 | D:10     | Noticed a two-headed ogre
  9069 | D:10     | Killed a two-headed ogre
  9069 | D:10     | Noticed Joseph
  9070 | D:10     | Reached XP level 12. HP: 51/87 MP: 12/12
  9086 | D:10     | Killed Joseph
  9240 | D:10     | Found a broken altar of Ashenzari.
  9241 | D:10     | Found a sparkling altar of Nemelex Xobeh.
  9251 | D:10     | Found Hiren's Weapon Boutique.
  9535 | D:10     | Found a stormy altar of Qazlal.
  9721 | D:10     | Noticed a boulder beetle
  9778 | Lair:1   | Entered Level 1 of the Lair of Beasts
 10210 | Lair:1   | Reached skill level 10 in Fighting
 10385 | Lair:1   | Reached **** piety under Wu Jian
 10492 | Lair:1   | Reached skill level 16 in Unarmed Combat
 10860 | Lair:2   | Found a staircase to the Swamp.
 11354 | Lair:2   | Noticed a boulder beetle
 11359 | Lair:2   | Reached XP level 13. HP: 93/94 MP: 13/13
 11910 | Lair:3   | Reached skill level 10 in Shapeshifting
 12154 | Lair:3   | Found a hole to the Spider Nest.
 12277 | Lair:3   | Reached ***** piety under Wu Jian
 13112 | Lair:4   | Found a viscous altar of Jiyva.
 13112 | Lair:4   | Found a staircase to the Slime Pits.
 13661 | Lair:5   | Entered Level 5 of the Lair of Beasts
 13743 | Lair:5   | Reached skill level 17 in Unarmed Combat
 13774 | Lair:5   | Reached XP level 14. HP: 89/104 MP: 14/14
 13808 | Lair:5   | Found a burning altar of Makhleb.
 13814 | Lair:5   | Found a gateway to Hell.
 15094 | D:10     | Identified the +8 dagger of Ziec {flame, rPois rF+ rC+++
                  | Str-4}
 15107 | D:10     | Identified the +0 hand axe of Raeck {venom, rPois Dex+3}
 15542 | D:11     | Found a staircase to the Orcish Mines.
 15671 | D:11     | Found a runed translucent gate.
 15672 | D:11     | Found a runed translucent gate.
 15673 | D:11     | Found a runed translucent gate.
 15726 | D:11     | Reached skill level 18 in Unarmed Combat
 15857 | D:11     | Found Jikiudd's Magic Scroll Shop.
 15857 | D:11     | Identified the orb of the Lachrymose God {*channel, rElec
                  | rPois Str-5 Hexes}
 15888 | D:11     | Bought a scroll of enchant armour for 105 gold pieces
 15888 | D:11     | Bought a scroll of identify for 28 gold pieces
 15891 | D:11     | Bought a scroll of identify for 28 gold pieces
 16331 | D:11     | Found a runed translucent gate.
 16331 | D:11     | Found a runed translucent gate.
 16336 | D:11     | Found a runed translucent gate.
 16336 | D:11     | Noticed a cacodemon
 16336 | D:11     | Noticed cdecastro's ghost (journeyman HuCA)
 16451 | D:12     | Reached XP level 15. HP: 112/112 MP: 15/15
 16625 | D:12     | Found Ysuek's Weapon Emporium.
 17293 | D:13     | Noticed a frost giant
 17299 | D:13     | Noticed spaghetti's ghost (journeyman NaBe)
 17326 | D:13     | Found a runed translucent gate.
 17326 | D:13     | Found a runed translucent gate.
 17326 | D:13     | Found a runed translucent gate.
 17679 | D:13     | Noticed Sonja
 17686 | D:13     | Killed Sonja
 17709 | D:13     | Noticed Erolcha
 17714 | D:13     | Killed Erolcha
 17792 | D:13     | Noticed Jorgrun
 17797 | D:13     | Killed Jorgrun
 17973 | D:13     | Found a gate to the Vaults.
 18084 | D:13     | Identified the +0 leather armour of the Iron Devil {rF+}
 18322 | D:14     | Identified the +1 hand axe "Ciofiem" {antimagic, ^Contam
                  | rPois rF+++ rCorr}
 18893 | D:15     | Entered Level 15 of the Dungeon
 18966 | D:15     | Found a runed translucent door.
 18969 | D:15     | Noticed a lich
 18970 | D:15     | Found a runed translucent door.
 18972 | D:15     | Noticed Saturup's ghost (journeyman BaHu)
 19330 | D:15     | Noticed Agnes
 19335 | D:15     | Killed Agnes
 19470 | D:15     | Identified the +4 dagger of Saisekh {freeze, rF+ SInv}
 19598 | D:15     | Reached skill level 19 in Unarmed Combat
 19653 | D:15     | Found a staircase to the Depths.
 20140 | Orc:1    | Entered Level 1 of the Orcish Mines
 20233 | D:13     | Killed a frost giant
 20242 | D:13     | Killed spaghetti's ghost
 20352 | Orc:1    | Reached XP level 16. HP: 120/120 MP: 16/16
 20460 | Orc:1    | Paralysed by an orc sorcerer for 5 turns
 20483 | Orc:1    | Reached skill level 15 in Fighting
 20829 | Orc:2    | Entered Level 2 of the Orcish Mines
 21319 | Orc:2    | Found a staircase to the Elven Halls.
 21380 | Orc:2    | Paralysed by an orc sorcerer for 4 turns
 21478 | Orc:2    | Found Uheduiss's Magic Scroll Boutique.
 21481 | Orc:2    | Found Homnurph's Magic Scroll Shoppe.
 21509 | Orc:2    | Found Sewuit's Distillery.
 21513 | Orc:2    | Found Apofuura's Weapon Boutique.
 21704 | Orc:2    | Bought a scroll of blinking for 82 gold pieces
 21704 | Orc:2    | Bought a scroll of noise for 11 gold pieces
 21704 | Orc:2    | Bought a scroll of blinking for 82 gold pieces
 21704 | Orc:2    | Bought a scroll of acquirement for 572 gold pieces
 21722 | Orc:2    | Bought a potion of invisibility for 136 gold pieces
 21722 | Orc:2    | Bought a potion of invisibility for 136 gold pieces
 21730 | Orc:2    | Bought a scroll of teleportation for 33 gold pieces
 21730 | Orc:2    | Bought a scroll of teleportation for 33 gold pieces
 21730 | Orc:2    | Bought a scroll of fog for 44 gold pieces
 21732 | Orc:2    | Bought 3 scrolls of fog for 144 gold pieces
 21780 | Orc:2    | Acquired a manual of Fighting
 21966 | Swamp:1  | Entered Level 1 of the Swamp
 22056 | Swamp:1  | Reached skill level 20 in Unarmed Combat
 22431 | Swamp:1  | Identified the serpent talisman of Eternal Vigilance {rC++
                  | Str-4 Int+6}
 22431 | Swamp:1  | Noticed Aizul
 22456 | Swamp:1  | Killed Aizul
 23112 | Swamp:2  | Noticed a fenstrider witch
 23114 | Swamp:2  | Noticed a fenstrider witch
 23116 | Swamp:2  | Killed a fenstrider witch
 23117 | Swamp:2  | Killed a fenstrider witch
 23261 | Swamp:2  | Noticed a tentacled monstrosity
 23277 | Swamp:2  | Killed a tentacled monstrosity
 23528 | Swamp:3  | Reached XP level 17. HP: 115/130 MP: 17/17
 23544 | Swamp:3  | Found a glacial archway.
 23564 | IceCv    | Entered an ice cave
 24177 | IceCv    | Reached skill level 21 in Unarmed Combat
 24206 | IceCv    | Found an ancient bone altar of Kikubaaqudgha.
 24223 | IceCv    | Noticed a lich
 24487 | IceCv    | Killed a lich
 24823 | Swamp:3  | Identified the +5 great sword of the Noxious God {venom,
                  | Str+3}
 25346 | Swamp:4  | Entered Level 4 of the Swamp
 25397 | Swamp:4  | Noticed Bai Suzhen
 25448 | Swamp:4  | Paralysed by a fenstrider witch for 2 turns
 25452 | Swamp:4  | Reached skill level 15 in Shapeshifting
 25717 | Swamp:4  | Found a stormy altar of Qazlal.
 25806 | Swamp:4  | Killed Bai Suzhen
 26071 | Swamp:4  | Noticed the 27-headed Lernaean hydra
 26079 | Swamp:4  | Slain by the 27-headed Lernaean hydra

Illustrated notes

Levels and vault maps discovered:
D:1:      dpeg_arrival_leaves_temple_mockup, layout_basic
D:2:      layout_loops_corners, serial_forest, infiniplex_forest_zigzag_1,
          infiniplex_forest_corner_1, infiniplex_forest_clump_small,
          infiniplex_forest_clump_small, infiniplex_forest_clump_tiny,
          infiniplex_forest_pool, infiniplex_forest_straight_2,
          infiniplex_forest_end_3, shapermc_ecumenical_altar_mp_ritualfount
D:3:      layout_basic, mainiacjoe_overflow_paths
D:4:      layout_basic
D:5:      layout_cave_pools, gammafunk_ghost_arena, serial_column_ruins,
          column_ruins_grid_1, column_ruins_columns_water,
          column_ruins_columns_straight, column_ruins_corridor_straight,
          column_ruins_grid_2, column_ruins_open_small, column_ruins_open_tiny
D:6:      layout_loops_cross, mainiacjoe_overflow_catwalk,
          minmay_temple_entry_butterflies, serial_shops,
          nicolae_shop_dealshenge, uniq_blork_the_orc, uniq_duvessa,
          uniq_eustachio
D:7:      layout_basic, serial_shops, shop
D:8:      layout_cave_pools, nzn_hepliaklqana_mist_gate,
          nicolae_elevator_lobby_plus
D:9:      minmay_the_grid_four_pointed_star
          [minmay_the_grid_triangle_9x9_windchime,
          minmay_the_grid_triangle_9x9_fully_insulated_deathbox,
          minmay_the_grid_triangle_9x9_negative_grid,
          minmay_the_grid_triangle_9x9_impossible_snake,
          minmay_the_grid_prize_inner_circle], layout_rooms,
          nicolae_overflow_hallway_of_the_gods, enter_bailey_8, uniq_pikel,
          uniq_grum, uniq_gastronok
D:10:     minmay_blocky_corners, layout_grid_maze, grunt_qazlal_clouds,
          chequers_temple_overflow_statue_of_worship, serial_shops, shop,
          uniq_joseph
D:11:     layout_loops_corners, zombieorc2_lemuel,
          ploomutoo_gammafunk_ghost_potion_laboratory, serial_shops,
          nicolae_shop_rolling_square
D:12:     layout_cave_pools, serial_shops, nicolae_inconvenience_store
D:13:     layout_basic, hellmonk_vaults_attempted_burglary,
          gammafunk_ghost_split, uniq_jorgrun, uniq_erolcha, uniq_sonja
D:14:     layout_loops_ring, glass_columns_c, kennysheep_island_fort
D:15:     gammafunk_enter_depths_forms, layout_stronghold,
          muffindrake_ghost_dual_entry, minmay_misc_feat_secret_circle,
          nicolae_letterblocks [nicolae_letter_subblock,
          nicolae_letter_subblock, nicolae_letter_subblock,
          nicolae_letter_subblock, nicolae_letter_subblock,
          nicolae_letter_subblock, nicolae_letter_subblock,
          nicolae_letter_subblock, nicolae_letter_subblock,
          nicolae_letter_subblock, nicolae_letter_subblock,
          nicolae_letter_subblock, nicolae_letter_subblock,
          nicolae_letter_subblock, nicolae_letter_subblock,
          nicolae_letter_subblock, nicolae_letter_subblock,
          nicolae_letter_subblock, nicolae_letter_subblock,
          nicolae_letter_subblock, nicolae_letter_subblock,
          nicolae_letter_subblock, nicolae_letter_subblock,
          nicolae_letter_subblock, nicolae_letter_subblock], uniq_agnes
Temple:   eino_wide_crystal_templ
Lair:1:   layout_cave_pods
Lair:2:   nzn_winding_woodlands_medium [nzn_winding_woodlands_5x5_checkerboard,
          nzn_winding_woodlands_5x15_sawtooth,
          nzn_winding_woodlands_5x5_closed_star,
          nzn_winding_woodlands_5x5_perimeter,
          nzn_winding_woodlands_center_diamonds,
          nzn_winding_woodlands_hourglass, nzn_winding_woodlands_5x5_cross,
          nzn_winding_woodlands_5x15_twine, nzn_winding_woodlands_5x5_three],
          layout_gridlike, swamp_mist_pool, grunt_forest_large_clearings
Lair:3:   layout_cave_pods, spider_nest_entry_rubble, grunt_megastairs_4
Lair:4:   layout_loops_ring, dpeg_slime_entry_enclosed, grunt_megastairs_3,
          serial_bayou_shore_a, infiniplex_staircase_pool, lemuel_fruit_tree,
          lemuel_fruit_fields, serial_bayou_shore_b
Lair:5:   evil_forest, layout_regular_city
Swamp:1:  layout_falls_marsh, nicolae_swamp_round_clearing, swamp_pool_1_2,
          nicolae_swamp_drake_lake, uniq_aizul
Swamp:2:  cheibrodos_swamp_monstrosity, layout_falls_marsh,
          nicolae_swamp_well_well_well
Swamp:3:  layout_basic_swamp, portal_ice_cave_entry_ice_statue_two,
          hangedman_swamp_ruin_wall, swamp_pool_5
Swamp:4:  swamp_old_school, layout_basic_swamp, swamp_pool_1_2,
          nicolae_swamp_godswood, grunt_hermit_hut, infiniplex_staircase_pool_2,
          uniq_bai_suzhen
Orc:1:    layout_caves, basic_altar
Orc:2:    st_orc_elflike, layout_diamond_mine

Skill      XL: |  1  2  3  4  5  6  7  8  9 10 11 12 13 14 15 16 17 |
---------------+----------------------------------------------------+-----
Stealth        | 1 2 3 4 |  4.0
Unarmed Combat | 4 5 7 10 12 14 15 16 17 18 19 20 21 | 21.7
Dodging        | 4 6 7 8 |  8.0
Fighting       | 4 6 7 8 9 10 12 13 14 16 17 | 17.9
Shields        | 4 |  4.0
Shapeshifting  | 1 4 6 9 11 12 13 14 15 | 15.1

Action                     |  1- 3 |  4- 6 |  7- 9 | 10-12 | 13-15 | 16-18 || total
---------------------------+-------+-------+-------+-------+-------+-------++-------
  Melee: Unarmed           |    58 |   102 |   195 |   470 |   805 |   611 ||  2241
         Constrict         |    15 |    26 |    31 |    63 |   113 |    89 ||   337
         Tentacles         |    11 |    23 |    33 |    91 |   190 |   159 ||   507
         Punch             |       |     1 |    10 |    41 |   100 |    86 ||   238
         Maw               |       |       |       |       |   222 |   210 ||   432
  Throw: Stone             |       |     5 |       |       |       |       ||     5
         Dart              |       |     2 |     3 |    16 |     8 |       ||    29
         Javelin           |       |       |     9 |     3 |     5 |       ||    17
         Boomerang         |       |       |       |     4 |     6 |     3 ||    13
 Invoke: Heavenly Storm    |       |       |       |       |     4 |     4 ||     8
         Serpent's Lash    |       |       |       |       |     1 |     5 ||     6
Ability: Lunge             |       |       |     8 |    61 |   109 |    65 ||   243
         Whirlwind         |       |       |       |    66 |   216 |   259 ||   541
         Wall Jump         |       |       |       |    20 |    43 |    32 ||    95
  Evoke: Wand              |       |       |     4 |     7 |    10 |     4 ||    25
    Use: Scroll            |     9 |     6 |     4 |    11 |     9 |    10 ||    49
         Potion            |       |     2 |     2 |     4 |     5 |     7 ||    20
   Stab: Sleeping          |     8 |    10 |     9 |    20 |    29 |    17 ||    93
         Distracted        |       |       |       |     3 |     2 |     1 ||     6
 Armour: Skin              |    19 |    31 |   140 |   155 |   140 |   216 ||   701
  Dodge: Dodged            |    23 |    34 |    87 |   150 |   236 |   264 ||   794
  Block: Buckler           |     3 |       |       |       |       |       ||     3
         Kite shield       |    12 |    38 |    85 |   185 |   246 |   233 ||   799
   Form: Maw               |       |       |       |       |     1 |       ||     1
